 Dungeon Crawl Stone Soup version 0.28-a0-1406-ga8dd43b1d0 (webtiles) character file.

Game seed: 10912534592671659025

69 Lekart the Skirmisher (level 4, -2/40 (41) HPs)
             Began as a Draconian Fighter on Jan 6, 2022.
             Was a Believer of Uskayaw.
             Frozen to death by an endoplasm (5 damage)
             ... on level 4 of the Dungeon.
             The game lasted 00:01:32 (966 turns).

Lekart the Skirmisher (Draconian Fighter)            Turns: 966, Time: 00:01:32

HP:   -2/40 (41)    AC:  5    Str: 19    XL:     4   Next: 2%
MP:   4/4           EV: 12    Int:  8    God:    Uskayaw [**....]
Gold: 63            SH:  4    Dex: 12    Spells: 3/3 levels left

rFire   . . .      SeeInvis .   a - +0 long sword
rCold   . . .      Faith    .   b - +0 buckler
rNeg    . . .      Spirit   .   (armour unavailable)
rPois   .          Reflect  .   (helmet restricted)
rElec   .          Harm     .   (no cloak)
rCorr   .          Rampage  .   (no gloves)
Will    .....                   (no boots)
Stlth   +.........              (no amulet)
HPRegen 0.13/turn               (no ring)
MPRegen 0.09/turn               (no ring)

@: mighty, slowed, lightly drained, very slow
A: AC +5, unfitting armour, cold-blooded
a: Renounce Religion, Stomp, Line Pass


You were on level 4 of the Dungeon.
You worshipped Uskayaw.
Uskayaw was noncommittal.
You visited 1 branch of the dungeon, and saw 3 of its levels.

You collected 63 gold pieces.

Inventory:

Hand Weapons
 a - a +0 long sword (weapon)
Armour
 b - a +0 buckler (worn)
Jewellery
 h - a ring of ice
Scrolls
 g - a scroll of identify
Potions
 d - a potion of flight


   Skills:
 * Level 4.6 Fighting
 + Level 2.9 Long Blades
 - Level 2.8 Dodging
 - Level 3.1 Shields


You had 3 spell levels left.
You didn't know any spells.
Your spell library was empty.

Dungeon Overview and Level Annotations

Branches:
Dungeon (2/15)

Altars:
Uskayaw

Shops:
D:1 (   D:4 *


Innate Abilities, Weirdness & Mutations

Your plain brown scales are hard. (AC +5)
You cannot fit into any form of body armour.
You are cold-blooded and may be slowed by cold attacks.


Message History

The endoplasm freezes you.
You are frozen.
You feel as though you will be slow longer.
The wight closely misses you.
You can now pass through a line of other dancers.
You have reached level 3!
Your experience leads to an increase in your attributes!
Increase (S)trength, (I)ntelligence, or (D)exterity?
You feel agile. x2; Your scales feel tougher.
You have reached level 4!
You feel stronger. The endoplasm freezes you.
You are frozen.
You feel as though you will be slow longer.
The wight barely misses you. The endoplasm closely misses you.
Things that are here:
a +0 flail; a +0 robe You closely miss the wight.
The wight barely misses you. The endoplasm freezes you.
You are frozen.
You feel as though you will be slow longer.
The wight misses you. The endoplasm barely misses you.
You hit the wight. You tail-slap the wight.
The wight is moderately damaged.
The wight hits you with a +3 halberd!
* * * LOW HITPOINT WARNING * * *
You feel drained.
* * * LOW HITPOINT WARNING * * *
The endoplasm freezes you.
You are frozen.
* * * LOW HITPOINT WARNING * * *
You block the wight's attack. The endoplasm barely misses you.
A dart slug comes into view.
You barely miss the wight.
You tail-slap the wight, but do no damage.
The wight is moderately damaged.
The wight misses you. The endoplasm freezes you.
You are frozen.
You die...

##### ..
#...#####....
#............
#..P.P...[...
#...∩P.......
#.JP.P.......
#.@z.§.......
#...§§§§..?..
#####w§§...#
.....§§§§§...>#
.....§§§§§.....
..........[..#.
.....#.......#
...........zz..
.... ..........


You could see a wight, a dart slug and an endoplasm.

Vanquished Creatures
  A wight (D:4)
  A dart slug (D:1)
  A ball python (D:1)
  3 bats (D:1)
  3 endoplasms (D:1)
  2 giant cockroaches (D:1)
  6 hobgoblins (D:1)
  A quokka (D:1)
  A frilled lizard (D:1)
  3 kobolds (D:1)
  A rat (D:1)
23 creatures vanquished.

Notes
Turn   | Place    | Note
-------+----------+-------------------------------------------
     0 | D:1      | Lekart the Draconian Fighter began the quest for the Orb.
     0 | D:1      | Reached XP level 1. HP: 19/19 MP: 1/1
   152 | D:1      | Reached XP level 2. HP: 27/27 MP: 2/2
   591 | D:1      | Found Wuwn's Antique Weapon Emporium.
   602 | D:1      | Reached skill level 4 in Fighting
   654 | D:1      | Found a faded altar of an unknown god.
   672 | D:1      | Prayed at the altar of an unknown god.
   672 | D:1      | Became a worshipper of Uskayaw the Reveller
   672 | D:1      | Reached * piety under Uskayaw
   948 | D:2      | You fall into a shaft and drop 2 floors!
   948 | D:4      | Noticed a wight
   948 | D:4      | Noticed a wight
   948 | D:4      | Found Qaatrazesi's Assorted Antiques.
   962 | D:4      | Killed a wight
   962 | D:4      | Reached ** piety under Uskayaw
   963 | D:4      | Reached XP level 3. HP: 19/34 MP: 3/3
   963 | D:4      | Reached XP level 4. HP: 24/41 MP: 4/4
   965 | D:4      | HP: 2/40 [frozen (4)]
   966 | D:4      | Frozen to death by an endoplasm

Illustrated notes

Levels and vault maps discovered:
D:1:      co_arrival_square_in_a_square_in_a_square, layout_loops_cross,
          chequers_ecumenical_altar_island, serial_shops, shop,
          minmay_door_square
D:2:      layout_loops_cross, corexii_hall_statues_i, lemuel_old_faithful,
          uniq_robin
D:4:      layout_rooms, general_overflow_altar, vehumet_statue,
          grunt_gozag_breadcrumbs, enter_ossuary_3, serial_shops,
          nicolae_square_shop, shop, nicolae_shop_crystal,
          nicolae_shop_overgrown_old_shop, minmay_misc_feat_enclosed

Skill      XL: |  1  2 |
---------------+-------+-----
Fighting       | 4 |  4.6
Long Blades    | |  2.9
Dodging        | |  2.8
Shields        | |  3.1

Action                   |  1- 3 |  4- 6 || total
-------------------------+-------+-------++-------
Melee: Long sword        |    65 |     3 ||    68
       Tailslap          |     5 |     2 ||     7
  Use: Scroll            |     3 |       ||     3
       Potion            |     1 |       ||     1
 Stab: Sleeping          |     1 |       ||     1
Armor: Skin              |    25 |       ||    25
Dodge: Dodged            |    61 |     7 ||    68
Block: Buckler           |    17 |     1 ||    18

Table legend: (Time is in decaauts)
 A = Elapsed time spent in this place.
 B = Non-inter-level travel time spent in this place.
 C = Inter-level travel time spent in this place.
 D = Time resting spent in this place.
 E = Time spent auto-exploring this place.
 F = Levels seen in this place.
 G = Mean time per level.
                   A        B        C        D        E       F      G
               +--------+--------+--------+--------+--------+-----+--------+
         Total |    998 |    954 |     44 |      0 |    776 |   3 |  332.7 |
       Dungeon |    998 |    954 |     44 |      0 |    776 |   3 |  332.7 |
               +--------+--------+--------+--------+--------+-----+--------+

Top non-repeatable levels by time:
     D:1: 975 daAuts
     D:4: 23 daAuts
